Map: Thunderbird LE

Players

HeroMarine

  • Race: Terran Terran
  • League: Grandmaster
  • Spawn Location: 5:00

lIlIlIlIIlIl - Winner!

  • Race: Protoss Protoss
  • League: Master
  • Spawn Location: 11:00

Event: 2019 Assembly Summer

VOD

Have the link to the VOD?

Description

Time

  • Played on: Aug. 1, 2019, 12:23 p.m.
  • Length: 10:42

All games in this series

Show
View Real Time Build Order
Export as new Build Order

HeroMarine Terran 

Build Orders: Gas First Reaper Expand 

Get SALT Encoding   

  12  0:00  SCV  
  13  0:12  SCV  
  14  0:17  Supply Depot  
  14  0:24  SCV  
  15  0:29  Refinery  
  15  0:38  SCV  
  16  0:44  Barracks  
  16  0:50  SCV  
  17  1:03  SCV  
  18  1:15  SCV  
  19  1:32  Reaper, Orbital Command  
  20  1:44  Command Center  
  20  1:57  Factory  
  20  2:00  SCV  
  21  2:05  Barracks Reactor  
  21  2:12  SCV  
  22  2:16  Supply Depot  
  22  2:18  Refinery  
  22  2:24  SCV  
  23  2:37  SCV  
  23  2:41  Widow Mine  
  23  2:43  Marine  
  23  2:44  Marine  
  28  2:49  SCV  
  28  2:50  Starport  
  29  2:58  Orbital Command  
  29  3:02  Marine x2, SCV  
  31  3:10  Widow Mine  
  32  3:14  SCV  
  33  3:20  Marine x2  
  33  3:26  SCV  
  36  3:28  SCV  
  35  3:38  SCV  
  35  3:39  Viking  
  35  3:40  SCV  
  39  3:41  Factory Tech Lab  
  39  3:45  Supply Depot  
  39  3:47  Marine x2  
  41  3:50  SCV  
  41  3:52  SCV  
  43  4:02  SCV  
  43  4:04  SCV  
  43  4:05  Marine x2  
  43  4:08  Cyclone  
  48  4:14  SCV  
  48  4:16  Supply Depot, SCV  
  49  4:17  Mag-Field Accelerator  
  49  4:20  Viking  
  51  4:25  Marine  
  51  4:26  Marine, SCV  
  54  4:32  Supply Depot  
  54  4:38  SCV x2  
  55  4:43  Marine  
  55  4:44  Cyclone, Marine  
  59  4:50  Supply Depot, SCV x2  
  61  4:57  Medivac  
  63  5:01  Marine  
  63  5:02  Marine, SCV  
  63  5:03  SCV  
  67  5:14  Command Center, SCV  
  67  5:20  Marine x2  
  67  5:21  Cyclone  
  71  5:22  SCV  
  71  5:26  SCV  
  73  5:34  SCV  
  73  5:35  Barracks  
  73  5:37  Marine  
  73  5:38  Marine, SCV  
  75  5:43  Viking  
  75  5:46  SCV  
  75  5:47  Barracks  
  78  5:50  Refinery, SCV  
  78  5:52  Engineering Bay  
  77  5:58  SCV  
  77  6:03  SCV  
  77  6:05  Supply Depot  
  77  6:08  Marine  
  77  6:09  Refinery  
  78  6:22  Engineering Bay  
  78  6:24  SCV  
  78  6:25  Marine, SCV  
  78  6:29  Marine  
  78  6:31  Orbital Command  
  73  6:36  SCV  
  73  6:37  SCV, Terran Infantry Weapons Level 1  
  73  6:38  Stimpack, Marauder, Barracks Tech Lab  
  77  6:43  Marine  
  78  6:48  Terran Infantry Armor Level 1, SCV  
  78  6:50  SCV  
  80  6:54  Barracks  
  80  6:55  Marine  
  80  6:56  Barracks  
  80  6:58  SCV  
  80  6:59  Marauder  
  80  7:00  SCV  
  80  7:01  Marine, Combat Shield, Marauder  
  87  7:04  SCV  
  88  7:10  SCV  
  88  7:12  SCV  
  89  7:16  SCV  
  89  7:20  Marine x2, Marauder  
  89  7:22  SCV  
  94  7:23  Marauder  
  94  7:24  SCV  
  94  7:26  Missile Turret  
  94  7:27  Missile Turret  
  94  7:28  SCV  
  94  7:29  Missile Turret  
  95  7:33  Starport Reactor  
  95  7:34  Factory Reactor, SCV  
  95  7:36  SCV  
  97  7:40  SCV  
  97  7:42  Supply Depot  
  97  7:43  Barracks Reactor, Barracks Tech Lab  
  98  7:46  Marauder, SCV  
  101  7:51  Supply Depot  
  101  7:55  Supply Depot  
  101  8:02  SCV  
  101  8:03  Marauder, SCV x2  
  101  8:04  Marauder  
  105  8:07  Marauder  
  105  8:11  Medivac x2  
  108  8:14  SCV  
  108  8:15  SCV x2  
  108  8:17  Starport  
  108  8:18  Missile Turret  
  108  8:19  Refinery  
  111  8:20  Refinery  
  111  8:23  Concussive Shells  
  111  8:24  Marauder  
  111  8:27  Armory, SCV x3  
  114  8:30  Marauder  
  114  8:31  Marauder  
  120  8:39  Supply Depot, SCV  
  120  8:40  Supply Depot, SCV x2  
  123  8:43  Medivac  
  125  8:49  Supply Depot  
  125  8:51  Marauder, SCV  
  125  8:53  Medivac  
  124  9:01  Marauder x2  
  128  9:06  Marine x2  
  128  9:07  Marine x2  
  136  9:11  Supply Depot  
  136  9:12  Supply Depot, Marauder  
  136  9:15  Barracks  
  132  9:17  Barracks  
  132  9:22  Marauder  
  134  9:29  Marine, Marauder  
  134  9:30  Marine  
  134  9:31  Marine x2  
  135  9:32  Medivac x2  
  135  9:34  Marauder  
  143  9:42  Medivac x2  
  143  9:43  Marine, Orbital Command  
  148  9:48  Command Center  
  148  9:50  Marauder  
  150  9:54  Marine x2  
  150  9:55  Marauder  
  145  10:02  Marauder  
  140  10:08  Barracks Tech Lab x2  
  140  10:10  Marine x2  
  140  10:11  Marauder  
  140  10:12  Marine  
  145  10:14  Orbital Command  
  145  10:17  Marauder  
  145  10:18  Marine  
Show
View Real Time Build Order
Export as new Build Order

lIlIlIlIIlIl Protoss - Winner!

Build Orders: 1 Gate Expand, Oracle Opening, Phoenix Opening 

Get SALT Encoding   

  12  0:00  Probe  
  13  0:12  Probe  
  14  0:17  Pylon  
  14  0:24  Probe  
  15  0:32  Probe  
  15  0:37  Gateway  
  15  0:40  Probe  
  16  0:45  Assimilator  
  17  0:51  Probe  
  18  1:03  Probe  
  19  1:15  Probe  
  20  1:22  Nexus  
  20  1:31  Cybernetics Core  
  20  1:34  Probe  
  20  1:39  Assimilator  
  21  1:46  Probe  
  22  1:50  Pylon  
  22  1:58  Adept, Probe  
  25  2:10  Probe  
  26  2:16  Stargate  
  26  2:19  Adept  
  26  2:23  Probe  
  28  2:30  Probe  
  28  2:31  Warp Gate  
  28  2:35  Probe  
  30  2:38  Probe  
  31  2:47  Probe  
  31  2:48  Adept, Probe  
  35  2:55  Oracle  
  35  2:59  Probe  
  35  3:00  Probe  
  40  3:11  Probe  
  41  3:12  Probe  
  41  3:18  Pylon  
  42  3:23  Probe  
  42  3:25  Probe  
  42  3:32  Phoenix  
  45  3:35  Probe  
  45  3:37  Probe  
  46  3:43  Assimilator  
  46  3:45  Assimilator  
  46  3:47  Probe  
  47  3:49  Gateway, Probe  
  47  3:51  Gateway  
  47  3:52  Phoenix, Pylon  
  48  3:59  Probe  
  48  4:01  Probe  
  52  4:05  Robotics Facility  
  52  4:09  Phoenix  
  52  4:11  Probe  
  52  4:13  Probe  
  54  4:21  Shield Battery  
  54  4:23  Pylon  
  54  4:24  Probe  
  57  4:25  Probe  
  57  4:27  Adept  
  57  4:30  Shield Battery  
  60  4:34  Phoenix  
  62  4:50  Adept x3  
  65  4:54  Immortal  
  69  5:01  Pylon  
  69  5:13  Robotics Bay, Phoenix  
  69  5:21  Adept x2  
  69  5:22  Adept  
  69  5:27  Pylon  
  69  5:28  Pylon  
  75  5:33  Observer  
  75  5:34  Phoenix  
  78  5:50  Nexus  
  78  5:53  Probe x2  
  78  5:57  Forge  
  80  6:00  Forge  
  80  6:09  Probe x2  
  88  6:12  Disruptor  
  88  6:13  Pylon  
  88  6:15  Pylon  
  85  6:19  Sentry, Twilight Council  
  85  6:21  Probe x2  
  89  6:33  Probe x2  
  89  6:37  Protoss Ground Weapons Level 1, Protoss Ground Armor Level 1, Blink  
  91  6:41  Assimilator  
  91  6:43  Disruptor  
  91  6:45  Probe x2, Assimilator  
  93  6:51  Gateway  
  96  6:57  Probe  
  96  6:58  Probe  
  98  7:01  Gateway  
  98  7:06  Gateway  
  98  7:08  Probe  
  99  7:09  Probe  
  99  7:10  Probe  
  99  7:13  Disruptor  
  101  7:20  Probe  
  101  7:21  Probe  
  101  7:22  Probe  
  107  7:31  Gateway x2  
  107  7:35  Stalker x3  
  114  7:37  Probe x3  
  114  7:41  Pylon  
  116  7:45  Pylon  
  116  7:49  Disruptor  
  119  7:53  Probe x2  
  121  7:59  Pylon  
  121  8:02  Stalker x2  
  121  8:03  Stalker x2  
  129  8:06  Pylon  
  129  8:13  Templar Archives  
  129  8:16  Warp Prism  
  129  8:17  Charge  
  129  8:18  Nexus  
  131  8:27  Probe x3  
  131  8:32  Pylon  
  134  8:36  Pylon  
  134  8:40  Probe x2  
  134  8:41  Probe  
  137  8:50  Psionic Storm  
  137  8:55  Disruptor  
  140  9:09  Zealot x6  
  152  9:10  Zealot x2  
  156  9:21  Gateway  
  156  9:22  Gateway  
  156  9:31  Immortal  
  160  9:34  High Templar x4  
  160  9:36  Zealot x4  
  176  9:44  Probe x3, Assimilator  
  176  9:45  Probe, Assimilator  
  177  10:09  Zealot  
  177  10:10  Zealot x4  
  177  10:13  Dark Shrine  
  187  10:14  Pylon  
  175  10:30  Zealot x6  
  175  10:35  Archon  
  175  10:36  Archon  
  175  10:42  Zealot x4  
Tags
 
Add a new tag
Caveats
  • Supply blocks, unpowered buildings, or Contaminate may cause inaccurate times.
  • Supply counts are checked every 10 seconds.